 Dungeon Crawl Stone Soup version 0.28.0-49-g6dfe1f597d (webtiles) character file.

Game seed: 3798869767296751595

18 NinjaNoafa the Insei (level 2, 0/22 HPs)
             Began as a Djinni Transmuter on May 11, 2022.
             Frozen to death by an endoplasm (1 damage)
             ... on level 2 of the Dungeon.
             The game lasted 00:01:11 (1151 turns).

NinjaNoafa the Insei (Djinni Transmuter)            Turns: 1151, Time: 00:01:12

Health: 0/22       AC:  2    Str:  9    XL:     2   Next: 90%
Gold:   0          EV: 12    Int: 14    God:
                   SH:  0    Dex: 13

rFire   + + .      SeeInvis .   e - +1 dagger (venom)
rCold   x . .      Faith    .   (no shield)
rNeg    . . .      Spirit   .   a - +0 robe
rPois   ∞          Reflect  .   (helmet currently unavailable)
rElec   .          Harm     .   (no cloak)
rCorr   .          Rampage  .   (no gloves)
Will    .....                   (boots unavailable)
Stlth   +.........              (no amulet)
HPRegen 0.07/turn               (no ring)
MPRegen 0.00/turn               (no ring)

@: appendages, flying
A: horns 2, flying, sickness immunity, fire resistance 2, cold vulnerability 1,
float, innate caster, HP casting, extra vitality 1
a: End Transformation


You were on level 2 of the Dungeon.
You had temporarily grown beastly horns.
You visited 1 branch of the dungeon, and saw 2 of its levels.

Inventory:

Hand Weapons
 d - a +2 dagger of electrocution
 e - a +1 dagger of venom (weapon)
Armour
 a - a +0 robe (worn)
Scrolls
 b - 3 scrolls of teleportation {unknown}
Potions
 c - a potion of heal wounds {unknown}


   Skills:
 - Level 1.0 Fighting
 - Level 2.2 Dodging
 - Level 3.0 Unarmed Combat
 + Level 2.4 Spellcasting


You couldn't memorise any spells.
You knew the following spells:

 Your Spells              Type           Power      Damage    Failure   Level
a - Beastly Appendage     Tmut           16%        N/A       9%          1
b - Wereblood             Tmut           8%         N/A       13%         2
c - Spider Form           Tmut/Pois      8%         N/A       26%         3
d - Ice Form              Ice/Tmut       8%         N/A       63%         4
Your spell library was empty.

Dungeon Overview and Level Annotations

Branches:
Dungeon (2/15)

Altars:

Shops:
D:1 *


Innate Abilities, Weirdness & Mutations

You have temporarily grown beastly horns.
You are flying.
You are immune to sickness and miasma.
You are immune to poison.
Your flesh is very heat resistant. (rF++)
You are vulnerable to cold. (rC-)
You float through the air rather than walking.
You learn spells naturally, not from books.
Your magical power is your life essence.
You have superior vitality. (+4 MHP)


Message History

e - a +1 dagger of venom An endoplasm comes into view.
Your +2 dagger of electrocution stops crackling.
Your +1 dagger of venom begins to drip with poison!
e - a +1 dagger of venom (weapon)
Casting: Beastly Appendage (safe; 9% risk of failure)
Confirm with . or Enter, or press ? or * to list all spells.
You grow a pair of large bovine horns.
The endoplasm quivers.
The kobold throws a stone.
The stone hits you.
A ball python comes into view.
The kobold closely misses you.
The ball python hisses angrily.
You hit the kobold but do no damage.
The kobold is poisoned.
The kobold closely misses you.
You hit the kobold.
You kill the kobold!
The endoplasm hits you.
* * * LOW HITPOINT WARNING * * *
Things that are here:
a +0 dagger; 2 stones; a kobold corpse You hit the endoplasm.
The endoplasm is moderately wounded.
The endoplasm freezes you.
You are frozen.
You feel a terrible chill!
* * * LOW HITPOINT WARNING * * *
Your transformation is almost over.
Okay, then.
An endoplasm comes into view.
Your horns disappear.
There is an escape hatch in the floor here.
The endoplasm barely misses you.
You fly downwards.
The hatch slams shut behind you.
Casting: Beastly Appendage (safe; 9% risk of failure)
Confirm with . or Enter, or press ? or * to list all spells.
You grow a pair of large bovine horns.
* * * LOW HITPOINT WARNING * * *
The endoplasm freezes you.
You are frozen.
You die...

#.# #.#
#.# #.#
#.#
.#.####.#
........#
#J@# #..#
#..# #..#
....
##..#
#..# ....


You could see an endoplasm.

Vanquished Creatures
  A ball python (D:1)
  3 giant cockroaches (D:1)
  A goblin (D:1)
  3 hobgoblins (D:1)
  2 jackals (D:1)
  3 kobolds (D:1)
  A frilled lizard (D:1)
  2 rats (D:1)
16 creatures vanquished.

Notes
Turn   | Place    | Note
-------+----------+-------------------------------------------
     0 | D:1      | NinjaNoafa the Djinni Transmuter began the quest for the
                  | Orb.
     0 | D:1      | Reached XP level 1. HP: 17/17 MP: 0/0
   430 | D:1      | Found Zakloot's Assorted Antiques.
   588 | D:1      | Reached XP level 2. HP: 18/22 MP: 0/0
  1130 | D:1      | HP: 1/22 [frozen (4)]
  1151 | D:2      | Frozen to death by an endoplasm

Illustrated notes

Levels and vault maps discovered:
D:1:      dpeg_arrival_central, layout_basic, shapermc_ecumenical_altar_ellora,
          serial_shops, shop, minmay_tiny_reverse_x
D:2:      layout_loops_ring, basic_altar, kennysheep_path_1, uniq_sigmund

Skill      XL: |  1 |
---------------+----+-----
Spellcasting   | 2 |  2.4
Fighting       | |  1.0
Dodging        | |  2.2
Unarmed Combat | |  3.0

Action                   || total
-------------------------++-------
Melee: Unarmed           ||    43
       Punch             ||     1
       Dagger            ||    13
       Headbutt          ||     3
 Cast: Beastly Appendage ||    11
 Stab: Distracted        ||     1
Armor: Robe              ||     3
Dodge: Dodged            ||    44
